Devils vs Flyers

Created - November 28 2007 at 19:27

Goals
1 2 3 OT1 SO T
Devils 1 0 1 0 1 2
Flyers 0 0 2 0 2 3
Shots
1 2 3 OT1 SO T
Devils 5 4 18 1 4 28
Flyers 16 8 5 3 4 32

Period #1

1. Devils , Jamie Langenbrunner 8 (Mike Ribeiro, Paul Martin) at 10:21

Penalties :
Mike Ribeiro (NJD) for Holding (Minor) at 4:08, Brendan Witt (NJD) for Interference (Minor) at 5:31, Patrik Elias (NJD) for Cross-checking (Minor) at 13:30, Mike Ribeiro (NJD) for Slashing (Minor) at 16:03

Period #2

No Goal

Penalties :
Brian Gionta (NJD) for Holding (Minor) at 6:40, Jiri Hudler (PHI) for Hooking (Minor) at 10:18, Denis Gauthier (PHI) for Hooking (Minor) at 17:52

Period #3

2. Flyers , Mike Knuble 8 (Peter Forsberg) at 3:02 (PP)
3. Devils , Patrik Elias 7 (Scott Gomez) at 15:20
4. Flyers , Simon Gagne 16 (Peter Forsberg) at 19:47

Penalties :
Miroslav Satan (NJD) for Interference (Minor) at 2:00, Denis Gauthier (PHI) for Cross-checking (Minor) at 3:43, Branislav Mezei (PHI) for Holding (Minor) at 5:10, Denis Gauthier (PHI) for Holding (Minor) at 6:57, Mike Ribeiro (NJD) for Hooking (Minor) at 6:57, Pavel Kubina (PHI) for High sticking (Minor) at 7:28

Overtime #1

No Goal

Penalties :
No Penalty

Shootout

Penalty Shot by Michael Nylander for Devils - Stopped by Chris Osgood
Penalty Shot by Simon Gagne for Flyers - Goal!
Penalty Shot by Travis Zajac for Devils - Goal!
Penalty Shot by Peter Forsberg for Flyers - Stopped by Martin Brodeur
Penalty Shot by Juraj Kolnik for Devils - Stopped by Chris Osgood
Penalty Shot by Tomas Holmstrom for Flyers - Stopped by Martin Brodeur
Penalty Shot by Brian Gionta for Devils - Stopped by Chris Osgood
Penalty Shot by Mike Knuble for Flyers - Goal!

Penalties :
No Penalty

Goalie Stats

Martin Brodeur (NJD), 30 saves from 32 shots - (0.938), OTL, 15-11-3, 65:00 minutes
Chris Osgood (PHI), 26 saves from 28 shots - (0.929), W, 17-8-1, 64:48 minutes

Players Stats

Devils
Player Name              G  A  P  +/- PIM S  H  SB FO MP 
-----------------------------------------------------------
Brad Lukowich            0  0  0   0  0   1  0  1  0  25 
Brendan Witt             0  0  0   0  2   0  1  2  0  24 
Brian Gionta             0  0  0   0  2   2  1  0  1  10 
Brian Rafalski           0  0  0   0  0   1  0  1  0  22 
Chris Chelios            0  0  0   0  0   0  2  2  0  22 
Colin White              0  0  0   1  0   0  0  2  0  17 
Jamie Langenbrunner      1  0  1   1  0   3  5  0  3  18 
John Madden              0  0  0   0  0   0  1  0  0  10 
Juraj Kolnik             0  0  0   0  0   3  4  1  0  11 
Michael Nylander         0  0  0   0  0   3  0  1  25 23 
Mike Comrie              0  0  0   1  0   0  2  0  13 12 
Mike Ribeiro             0  1  1   1  6   1  0  0  0  16 
Miroslav Satan           0  0  0  -1  2   4  2  1  1  23 
Patrik Elias             1  0  1   0  2   8  2  0  2  23 
Paul Martin              0  1  1   1  0   0  0  1  0  23 
Scott Gomez              0  1  1   0  0   0  0  0  17 13 
Travis Zajac             0  0  0   1  0   0  1  0  12 14 
Zach Parise              0  0  0   0  0   2  0  0  18 18 
Flyers
Player Name              G  A  P  +/- PIM S  H  SB FO MP 
-----------------------------------------------------------
Branislav Mezei          0  0  0  -2  2   0  1  3  0  18 
Darryl Sydor             0  0  0   0  0   0  1  6  0  24 
Denis Gauthier           0  0  0  -1  6   0  1  0  0  16 
Jeff Friesen             0  0  0   0  0   3  1  0  2  20 
Jiri Hudler              0  0  0   0  2   1  0  0  1  14 
Keith Tkachuk            0  0  0   0  0   0  0  0  0  2  
Michal Handzus           0  0  0  -2  0   3  0  0  18 14 
Mike Knuble              1  0  1   0  0   3  1  0  3  21 
Mike Rathje              0  0  0  -1  0   1  2  1  0  15 
Owen Nolan               0  0  0  -1  0   4  0  0  0  14 
Pavel Kubina             0  0  0   1  2   3  1  1  0  24 
Peter Forsberg           0  2  2   1  0   1  0  0  27 22 
Sami Kapanen             0  0  0  -2  0   1  2  0  0  16 
Samuel Pahlsson          0  0  0   0  0   1  1  0  12 11 
Simon Gagne              1  0  1   1  0   7  4  1  3  25 
Todd White               0  0  0   0  0   0  3  0  25 23 
Tomas Holmstrom          0  0  0   0  0   2  1  0  1  18 
Wade Redden              0  0  0   1  0   2  2  1  0  26 

3 Stars

1 - Jamie Langenbrunner (NJD)
2 - Simon Gagne (PHI)
3 - Patrik Elias (NJD)

Power Play

Devils - 0 on 5 Attempt(s) - 0.00%
Flyers - 1 on 6 Attempt(s) - 16.67%

Penalty Kill

Devils - 5 on 6 Attempt(s) - 83.33% - Score 0 goal in Penalty Kill
Flyers - 5 on 5 Attempt(s) - 100.00% - Score 0 goal in Penalty Kill

Game Notes

Keith Tkachuk is injured at 3:16 of 1st period (Head)

Finance

Level 1 -- Attendance: 5658 (94.30%) -- Ticket Income $509,220.00
Level 2 -- Attendance: 4852 (88.66%) -- Ticket Income $266,860.00
Level 3 -- Attendance: 2569 (91.75%) -- Ticket Income $77,070.00
Level 4 -- Attendance: 2581 (60.72%) -- Ticket Income $64,525.00
Luxury Box -- Attendance: 899 (89.88%) -- Ticket Income $170,810.00
Game was played at the Wachovia Center
Total Attendance: 16559 (84.82%)
Total Ticket Income: $1,089,114.00
Other Income: $159,738.60
Total Income: $1,248,853.00


Play by Play

Period #1

0:01 of 1st period - Scott Gomez wins face-off versus Peter Forsberg in neutral zone.
0:08 of 1st period - Shot by Patrik Elias.
0:08 of 1st period - Shot Misses the Net.
0:20 of 1st period - Shot by Simon Gagne.
0:20 of 1st period - Shot Blocked by Chris Chelios.
0:22 of 1st period - Shot by Mike Knuble.
0:22 of 1st period - Shot Misses the Net.
0:24 of 1st period - Shot by Wade Redden.
0:24 of 1st period - Shot Misses the Net.
0:26 of 1st period - Shot by Pavel Kubina.
0:26 of 1st period - Stopped by Martin Brodeur with a rebound.
0:28 of 1st period - Shot by Simon Gagne.
0:28 of 1st period - Shot Misses the Net.
0:30 of 1st period - Shot by Wade Redden.
0:30 of 1st period - Shot Blocked by Chris Chelios.
0:32 of 1st period - Shot by Peter Forsberg.
0:32 of 1st period - Shot Misses the Net.
0:36 of 1st period - Shot by Mike Knuble.
0:36 of 1st period - Shot Misses the Net.
0:40 of 1st period - Shot by Peter Forsberg.
0:40 of 1st period - Shot Blocked by Miroslav Satan.
1:31 of 1st period - Off-side.
1:32 of 1st period - Michal Handzus wins face-off versus Jamie Langenbrunner in neutral zone.
1:48 of 1st period - Owen Nolan is hit by Mike Comrie and loses puck.
1:51 of 1st period - Shot by Owen Nolan.
1:51 of 1st period - Shot Misses the Net.
1:55 of 1st period - Shot by Sami Kapanen.
1:55 of 1st period - Shot Hit the Post.
1:57 of 1st period - Shot by Mike Rathje.
1:57 of 1st period - Shot Misses the Net.
1:59 of 1st period - Shot by Owen Nolan.
1:59 of 1st period - Stopped by Martin Brodeur without a rebound.
2:00 of 1st period - Samuel Pahlsson wins face-off versus Travis Zajac in Devils zone.
2:17 of 1st period - Shot by Samuel Pahlsson.
2:17 of 1st period - Shot Misses the Net.
2:19 of 1st period - Shot by Wade Redden.
2:19 of 1st period - Shot Blocked by Juraj Kolnik.
2:26 of 1st period - Off-side.
2:27 of 1st period - Mike Comrie wins face-off versus Peter Forsberg in neutral zone.
2:34 of 1st period - Shot by Jamie Langenbrunner.
2:34 of 1st period - Stopped by Chris Osgood without a rebound.
2:35 of 1st period - Michal Handzus wins face-off versus Michael Nylander in Flyers zone.
2:39 of 1st period - Icing by Branislav Mezei.
2:40 of 1st period - Mike Comrie wins face-off versus Michal Handzus in Flyers zone.
3:02 of 1st period - Off-side.
3:03 of 1st period - Todd White wins face-off versus Scott Gomez in neutral zone.
3:15 of 1st period - Keith Tkachuk is hit by Chris Chelios.
3:16 of 1st period - Keith Tkachuk from Flyers is injured at 3:16 of 1st period (Head).
3:17 of 1st period - Zach Parise wins face-off versus Peter Forsberg in Devils zone.
3:17 of 1st period - Zach Parise is hit by Simon Gagne.
3:27 of 1st period - Shot by Michael Nylander.
3:27 of 1st period - Stopped by Chris Osgood with a rebound.
3:41 of 1st period - Shot by Brian Gionta.
3:41 of 1st period - Stopped by Chris Osgood without a rebound.
3:42 of 1st period - Todd White wins face-off versus Mike Comrie in Flyers zone.
3:46 of 1st period - Darryl Sydor is hit by Jamie Langenbrunner and loses puck.
3:50 of 1st period - Todd White is hit by Jamie Langenbrunner and loses puck.
4:08 of 1st period - Minor Penalty to Mike Ribeiro for Holding.
4:09 of 1st period - Peter Forsberg wins face-off versus Michael Nylander in neutral zone.
4:31 of 1st period - Icing by Pavel Kubina.
4:32 of 1st period - Zach Parise wins face-off versus Peter Forsberg in Flyers zone.
4:35 of 1st period - Shot by Zach Parise.
4:35 of 1st period - Shot Blocked by Simon Gagne.
4:52 of 1st period - Icing by Mike Knuble.
4:53 of 1st period - Peter Forsberg wins face-off versus Michael Nylander in Flyers zone.
4:59 of 1st period - Off-side.
5:00 of 1st period - Zach Parise wins face-off versus Todd White in neutral zone.
5:23 of 1st period - Shot by Owen Nolan.
5:23 of 1st period - Stopped by Martin Brodeur with a rebound.
5:25 of 1st period - Shot by Owen Nolan.
5:25 of 1st period - Shot Blocked by Brendan Witt.
5:27 of 1st period - Shot by Todd White.
5:27 of 1st period - Deflect By Tomas Holmstrom.
5:27 of 1st period - Shot Misses the Net.
5:31 of 1st period - Shot by Tomas Holmstrom.
5:31 of 1st period - Stopped by Martin Brodeur without a rebound.
5:31 of 1st period - Minor Penalty to Brendan Witt for Interference.
5:32 of 1st period - Todd White wins face-off versus Patrik Elias in Devils zone.
5:41 of 1st period - Shot by Mike Knuble.
5:41 of 1st period - Shot Misses the Net.
5:45 of 1st period - Shot by Tomas Holmstrom.
5:45 of 1st period - Deflect By Mike Knuble.
5:45 of 1st period - Stopped by Martin Brodeur without a rebound.
5:46 of 1st period - Peter Forsberg wins face-off versus Michael Nylander in Devils zone.
6:04 of 1st period - Shot by Simon Gagne.
6:04 of 1st period - Stopped by Martin Brodeur without a rebound.
6:05 of 1st period - Todd White wins face-off versus Patrik Elias in Devils zone.
7:32 of 1st period - Jeff Friesen is hit by John Madden.
7:59 of 1st period - Icing by Michal Handzus.
8:00 of 1st period - Jamie Langenbrunner wins face-off versus Jiri Hudler in Flyers zone.
8:05 of 1st period - Shot by Mike Comrie.
8:05 of 1st period - Shot Blocked by Mike Rathje.
8:14 of 1st period - Icing by Michal Handzus.
8:15 of 1st period - Scott Gomez wins face-off versus Michal Handzus in Flyers zone.
8:49 of 1st period - Off-side.
8:50 of 1st period - Mike Comrie wins face-off versus Peter Forsberg in neutral zone.
9:02 of 1st period - Off-side.
9:03 of 1st period - Michael Nylander wins face-off versus Samuel Pahlsson in neutral zone.
9:25 of 1st period - Wade Redden is hit by Brian Gionta and loses puck.
10:21 of 1st period - Shot by Jamie Langenbrunner.
10:21 of 1st period - Goal by Jamie Langenbrunner - Devils : 1 - Flyers : 0.
10:22 of 1st period - Peter Forsberg wins face-off versus Miroslav Satan in neutral zone.
10:31 of 1st period - Shot by Peter Forsberg.
10:31 of 1st period - Stopped by Martin Brodeur without a rebound.
10:32 of 1st period - Scott Gomez wins face-off versus Todd White in Devils zone.
11:36 of 1st period - Icing by Colin White.
11:37 of 1st period - Samuel Pahlsson wins face-off versus Mike Comrie in Devils zone.
11:56 of 1st period - Shot by Jeff Friesen.
11:56 of 1st period - Deflect By Jiri Hudler.
11:56 of 1st period - Shot Misses the Net.
11:58 of 1st period - Shot by Samuel Pahlsson.
11:58 of 1st period - Stopped by Martin Brodeur with a rebound.
12:00 of 1st period - Shot by Darryl Sydor.
12:00 of 1st period - Shot Misses the Net.
12:02 of 1st period - Shot by Jiri Hudler.
12:02 of 1st period - Shot Misses the Net.
12:10 of 1st period - Shot by Jeff Friesen.
12:10 of 1st period - Deflect By Jiri Hudler.
12:10 of 1st period - Shot Misses the Net.
12:12 of 1st period - Shot by Jeff Friesen.
12:12 of 1st period - Stopped by Martin Brodeur without a rebound.
12:13 of 1st period - Michael Nylander wins face-off versus Michal Handzus in Devils zone.
13:22 of 1st period - Miroslav Satan is hit by Wade Redden and loses puck.
13:30 of 1st period - Minor Penalty to Patrik Elias for Cross-checking.
13:31 of 1st period - Michael Nylander wins face-off versus Todd White in neutral zone.
13:37 of 1st period - Icing by Tomas Holmstrom.
13:38 of 1st period - Michael Nylander wins face-off versus Todd White in Flyers zone.
13:49 of 1st period - Zach Parise is hit by Simon Gagne and loses puck.
14:53 of 1st period - Shot by Wade Redden.
14:53 of 1st period - Shot Misses the Net.
14:55 of 1st period - Shot by Pavel Kubina.
14:55 of 1st period - Stopped by Martin Brodeur with a rebound.
15:01 of 1st period - Shot by Wade Redden.
15:01 of 1st period - Stopped by Martin Brodeur without a rebound.
15:02 of 1st period - Zach Parise wins face-off versus Peter Forsberg in Devils zone.
15:29 of 1st period - Shot by Peter Forsberg.
15:29 of 1st period - Deflect By Mike Knuble.
15:29 of 1st period - Shot Misses the Net.
15:31 of 1st period - Shot by Mike Rathje.
15:31 of 1st period - Shot Misses the Net.
15:35 of 1st period - Shot by Michal Handzus.
15:35 of 1st period - Deflect By Jiri Hudler.
15:35 of 1st period - Stopped by Martin Brodeur without a rebound.
15:36 of 1st period - Todd White wins face-off versus Mike Comrie in Devils zone.
15:45 of 1st period - Shot by Simon Gagne.
15:45 of 1st period - Stopped by Martin Brodeur without a rebound.
15:46 of 1st period - Travis Zajac wins face-off versus Michal Handzus in Devils zone.
15:57 of 1st period - Shot by Juraj Kolnik.
15:57 of 1st period - Stopped by Chris Osgood without a rebound.
15:58 of 1st period - Todd White wins face-off versus Mike Comrie in Flyers zone.
15:58 of 1st period - Todd White is hit by Jamie Langenbrunner.
16:03 of 1st period - Minor Penalty to Mike Ribeiro for Slashing.
16:04 of 1st period - Todd White wins face-off versus Zach Parise in neutral zone.
16:27 of 1st period - Shot by Simon Gagne.
16:27 of 1st period - Shot Misses the Net.
16:29 of 1st period - Shot by Simon Gagne.
16:29 of 1st period - Shot Misses the Net.
16:33 of 1st period - Shot by Tomas Holmstrom.
16:33 of 1st period - Stopped by Martin Brodeur with a rebound.
16:49 of 1st period - Shot by Jeff Friesen.
16:49 of 1st period - Stopped by Martin Brodeur without a rebound.
16:50 of 1st period - Peter Forsberg wins face-off versus Michael Nylander in Devils zone.
16:51 of 1st period - Shot by Mike Knuble.
16:51 of 1st period - Stopped by Martin Brodeur without a rebound.
16:52 of 1st period - Simon Gagne wins face-off versus Michael Nylander in Devils zone.
18:47 of 1st period - Off-side.
18:48 of 1st period - Travis Zajac wins face-off versus Peter Forsberg in neutral zone.
19:02 of 1st period - Pavel Kubina is hit by Juraj Kolnik and loses puck.

Period #2

0:01 of 2nd period - Simon Gagne wins face-off versus Scott Gomez in neutral zone.
0:01 of 2nd period - Mike Knuble is hit by Miroslav Satan.
0:25 of 2nd period - Shot by Miroslav Satan.
0:25 of 2nd period - Shot Misses the Net.
0:28 of 2nd period - Icing by Simon Gagne.
0:29 of 2nd period - Peter Forsberg wins face-off versus Zach Parise in Flyers zone.
0:47 of 2nd period - Brian Gionta is hit by Wade Redden and loses puck.
1:00 of 2nd period - Shot by Zach Parise.
1:00 of 2nd period - Stopped by Chris Osgood without a rebound.
1:01 of 2nd period - Mike Comrie wins face-off versus Todd White in Flyers zone.
1:18 of 2nd period - Shot by Jeff Friesen.
1:18 of 2nd period - Stopped by Martin Brodeur without a rebound.
1:19 of 2nd period - Scott Gomez wins face-off versus Michal Handzus in Devils zone.
1:39 of 2nd period - Owen Nolan is hit by Patrik Elias and loses puck.
1:54 of 2nd period - Shot by Patrik Elias.
1:54 of 2nd period - Stopped by Chris Osgood with a rebound.
2:09 of 2nd period - Patrik Elias is hit by Simon Gagne and loses puck.
2:18 of 2nd period - Shot by Simon Gagne.
2:18 of 2nd period - Stopped by Martin Brodeur with a rebound.
2:20 of 2nd period - Shot by Simon Gagne.
2:20 of 2nd period - Shot Misses the Net.
3:14 of 2nd period - Shot by Brian Gionta.
3:14 of 2nd period - Shot Misses the Net.
3:16 of 2nd period - Shot by Zach Parise.
3:16 of 2nd period - Shot Blocked by Darryl Sydor.
3:26 of 2nd period - Shot by Mike Comrie.
3:26 of 2nd period - Shot Blocked by Darryl Sydor.
3:32 of 2nd period - Mike Comrie is hit by Jeff Friesen and loses puck.
5:53 of 2nd period - Icing by Pavel Kubina.
5:54 of 2nd period - Scott Gomez wins face-off versus Samuel Pahlsson in Flyers zone.
6:05 of 2nd period - Shot by Patrik Elias.
6:05 of 2nd period - Stopped by Chris Osgood without a rebound.
6:06 of 2nd period - Michal Handzus wins face-off versus Michael Nylander in Flyers zone.
6:15 of 2nd period - Shot by Michal Handzus.
6:15 of 2nd period - Shot Misses the Net.
6:17 of 2nd period - Shot by Michal Handzus.
6:17 of 2nd period - Stopped by Martin Brodeur without a rebound.
6:18 of 2nd period - Michal Handzus wins face-off versus Scott Gomez in Devils zone.
6:23 of 2nd period - Shot by Owen Nolan.
6:23 of 2nd period - Stopped by Martin Brodeur without a rebound.
6:24 of 2nd period - Michael Nylander wins face-off versus Todd White in Devils zone.
6:40 of 2nd period - Minor Penalty to Brian Gionta for Holding.
6:41 of 2nd period - Michael Nylander wins face-off versus Peter Forsberg in Flyers zone.
6:41 of 2nd period - Patrik Elias is hit by Simon Gagne and loses puck.
8:05 of 2nd period - Owen Nolan is hit by Patrik Elias and loses puck.
8:22 of 2nd period - Michael Nylander is hit by Darryl Sydor.
9:18 of 2nd period - Icing by Sami Kapanen.
9:19 of 2nd period - Jamie Langenbrunner wins face-off versus Michal Handzus in Flyers zone.
9:19 of 2nd period - Jamie Langenbrunner is hit by Mike Rathje.
10:18 of 2nd period - Minor Penalty to Jiri Hudler for Hooking.
10:19 of 2nd period - Samuel Pahlsson wins face-off versus Michael Nylander in Devils zone.
12:11 of 2nd period - Icing by Miroslav Satan.
12:12 of 2nd period - Todd White wins face-off versus Travis Zajac in Devils zone.
12:21 of 2nd period - Mike Knuble is hit by Mike Comrie and loses puck.
13:01 of 2nd period - Icing by Colin White.
13:02 of 2nd period - Todd White wins face-off versus Mike Comrie in Devils zone.
14:08 of 2nd period - Shot by Zach Parise.
14:08 of 2nd period - Shot Blocked by Darryl Sydor.
14:10 of 2nd period - Shot by Brad Lukowich.
14:10 of 2nd period - Stopped by Chris Osgood without a rebound.
14:11 of 2nd period - Travis Zajac wins face-off versus Michal Handzus in Flyers zone.
14:11 of 2nd period - Michael Nylander is hit by Branislav Mezei and loses puck.
14:19 of 2nd period - Sami Kapanen is hit by Chris Chelios and loses puck.
14:37 of 2nd period - John Madden is hit by Mike Rathje and loses puck.
15:38 of 2nd period - Off-side.
15:39 of 2nd period - Samuel Pahlsson wins face-off versus Mike Comrie in neutral zone.
16:25 of 2nd period - Shot by Michal Handzus.
16:25 of 2nd period - Shot Misses the Net.
16:27 of 2nd period - Shot by Michal Handzus.
16:27 of 2nd period - Stopped by Martin Brodeur without a rebound.
16:28 of 2nd period - Travis Zajac wins face-off versus Peter Forsberg in Devils zone.
16:56 of 2nd period - Simon Gagne is hit by Juraj Kolnik and loses puck.
17:33 of 2nd period - Shot by Michal Handzus.
17:33 of 2nd period - Stopped by Martin Brodeur with a rebound.
17:35 of 2nd period - Shot by Mike Rathje.
17:35 of 2nd period - Stopped by Martin Brodeur without a rebound.
17:36 of 2nd period - Scott Gomez wins face-off versus Todd White in Devils zone.
17:52 of 2nd period - Minor Penalty to Denis Gauthier for Hooking.
17:53 of 2nd period - Todd White wins face-off versus Michael Nylander in Flyers zone.
17:53 of 2nd period - Todd White is hit by Miroslav Satan.
19:38 of 2nd period - Off-side.
19:39 of 2nd period - Todd White wins face-off versus Zach Parise in neutral zone.
19:50 of 2nd period - Shot by Sami Kapanen.
19:50 of 2nd period - Shot Blocked by Colin White.
19:52 of 2nd period - Shot by Sami Kapanen.
19:52 of 2nd period - Stopped by Martin Brodeur without a rebound.
19:53 of 2nd period - Travis Zajac wins face-off versus Mike Knuble in Devils zone.

Period #3

0:01 of 3rd period - Mike Comrie wins face-off versus Michal Handzus in neutral zone.
0:16 of 3rd period - Shot by Mike Comrie.
0:16 of 3rd period - Shot Misses the Net.
0:18 of 3rd period - Shot by Mike Ribeiro.
0:18 of 3rd period - Stopped by Chris Osgood without a rebound.
0:19 of 3rd period - Samuel Pahlsson wins face-off versus Travis Zajac in Flyers zone.
0:19 of 3rd period - Samuel Pahlsson is hit by Juraj Kolnik.
2:00 of 3rd period - Minor Penalty to Miroslav Satan for Interference.
2:01 of 3rd period - Zach Parise wins face-off versus Todd White in Devils zone.
2:01 of 3rd period - Zach Parise is hit by Todd White.
2:26 of 3rd period - Brad Lukowich is hit by Tomas Holmstrom.
2:55 of 3rd period - Icing by Pavel Kubina.
2:56 of 3rd period - Peter Forsberg wins face-off versus Zach Parise in Flyers zone.
2:56 of 3rd period - Peter Forsberg is hit by Travis Zajac.
3:02 of 3rd period - Shot by Mike Knuble.
3:02 of 3rd period - Goal by Mike Knuble - Devils : 1 - Flyers : 1.
3:03 of 3rd period - Scott Gomez wins face-off versus Jeff Friesen in neutral zone.
3:28 of 3rd period - Shot by Miroslav Satan.
3:28 of 3rd period - Stopped by Chris Osgood without a rebound.
3:29 of 3rd period - Peter Forsberg wins face-off versus Scott Gomez in Flyers zone.
3:41 of 3rd period - Off-side.
3:42 of 3rd period - Scott Gomez wins face-off versus Tomas Holmstrom in neutral zone.
3:42 of 3rd period - Scott Gomez is hit by Mike Knuble.
3:43 of 3rd period - Minor Penalty to Denis Gauthier for Cross-checking.
3:44 of 3rd period - Zach Parise wins face-off versus Todd White in neutral zone.
3:47 of 3rd period - Shot by Zach Parise.
3:47 of 3rd period - Stopped by Chris Osgood without a rebound.
3:48 of 3rd period - Zach Parise wins face-off versus Todd White in Flyers zone.
4:14 of 3rd period - Shot by Jamie Langenbrunner.
4:14 of 3rd period - Stopped by Chris Osgood without a rebound.
4:15 of 3rd period - Samuel Pahlsson wins face-off versus Michael Nylander in Flyers zone.
4:40 of 3rd period - Shot by Michael Nylander.
4:40 of 3rd period - Stopped by Chris Osgood with a rebound.
4:44 of 3rd period - Shot by Miroslav Satan.
4:44 of 3rd period - Stopped by Chris Osgood without a rebound.
4:45 of 3rd period - Todd White wins face-off versus Zach Parise in Flyers zone.
4:55 of 3rd period - Zach Parise is hit by Todd White and loses puck.
5:10 of 3rd period - Minor Penalty to Branislav Mezei for Holding.
5:11 of 3rd period - Samuel Pahlsson wins face-off versus Michael Nylander in Flyers zone.
5:24 of 3rd period - Shot by Michael Nylander.
5:24 of 3rd period - Shot Misses the Net.
5:26 of 3rd period - Shot by Michael Nylander.
5:26 of 3rd period - Stopped by Chris Osgood without a rebound.
5:27 of 3rd period - Samuel Pahlsson wins face-off versus Zach Parise in Flyers zone.
5:27 of 3rd period - Samuel Pahlsson is hit by Jamie Langenbrunner.
6:21 of 3rd period - Michael Nylander is hit by Denis Gauthier and loses puck.
6:27 of 3rd period - Michael Nylander is hit by Todd White and loses puck.
6:43 of 3rd period - Jamie Langenbrunner is hit by Sami Kapanen and loses puck.
6:57 of 3rd period - Minor Penalty to Denis Gauthier for Holding.
6:57 of 3rd period - Minor Penalty to Mike Ribeiro for Hooking.
6:58 of 3rd period - Michael Nylander wins face-off versus Samuel Pahlsson in Flyers zone.
7:11 of 3rd period - Shot by Michael Nylander.
7:11 of 3rd period - Deflect By Patrik Elias.
7:11 of 3rd period - Shot Blocked by Pavel Kubina.
7:13 of 3rd period - Shot by Patrik Elias.
7:13 of 3rd period - Stopped by Chris Osgood without a rebound.
7:14 of 3rd period - Zach Parise wins face-off versus Peter Forsberg in Flyers zone.
7:25 of 3rd period - Shot by Miroslav Satan.
7:25 of 3rd period - Shot Blocked by Branislav Mezei.
7:28 of 3rd period - Minor Penalty to Pavel Kubina for High sticking.
7:29 of 3rd period - Michael Nylander wins face-off versus Samuel Pahlsson in Flyers zone.
7:42 of 3rd period - Shot by Michael Nylander.
7:42 of 3rd period - Shot Misses the Net.
7:56 of 3rd period - Shot by Patrik Elias.
7:56 of 3rd period - Stopped by Chris Osgood without a rebound.
7:57 of 3rd period - Zach Parise wins face-off versus Todd White in Flyers zone.
8:08 of 3rd period - Shot by Zach Parise.
8:08 of 3rd period - Shot Misses the Net.
8:10 of 3rd period - Shot by Zach Parise.
8:10 of 3rd period - Shot Misses the Net.
8:12 of 3rd period - Shot by Brad Lukowich.
8:12 of 3rd period - Shot Blocked by Wade Redden.
8:14 of 3rd period - Shot by Zach Parise.
8:14 of 3rd period - Shot Misses the Net.
8:16 of 3rd period - Shot by Brad Lukowich.
8:16 of 3rd period - Shot Blocked by Branislav Mezei.
8:20 of 3rd period - Shot by Miroslav Satan.
8:20 of 3rd period - Stopped by Chris Osgood with a rebound.
8:24 of 3rd period - Shot by Brian Rafalski.
8:24 of 3rd period - Shot Misses the Net.
9:39 of 3rd period - Peter Forsberg is hit by Brendan Witt and loses puck.
10:05 of 3rd period - Icing by Pavel Kubina.
10:06 of 3rd period - Peter Forsberg wins face-off versus Scott Gomez in Flyers zone.
10:27 of 3rd period - Shot by Michael Nylander.
10:27 of 3rd period - Shot Misses the Net.
10:31 of 3rd period - Shot by Patrik Elias.
10:31 of 3rd period - Shot Misses the Net.
10:33 of 3rd period - Shot by John Madden.
10:33 of 3rd period - Shot Blocked by Darryl Sydor.
10:57 of 3rd period - Shot by Juraj Kolnik.
10:57 of 3rd period - Stopped by Chris Osgood without a rebound.
10:58 of 3rd period - Jeff Friesen wins face-off versus Travis Zajac in Flyers zone.
12:10 of 3rd period - Shot by Owen Nolan.
12:10 of 3rd period - Stopped by Martin Brodeur without a rebound.
12:11 of 3rd period - Simon Gagne wins face-off versus Michael Nylander in Devils zone.
12:20 of 3rd period - Shot by Juraj Kolnik.
12:20 of 3rd period - Stopped by Chris Osgood without a rebound.
12:21 of 3rd period - Peter Forsberg wins face-off versus Michael Nylander in Flyers zone.
12:21 of 3rd period - Peter Forsberg is hit by Juraj Kolnik.
12:34 of 3rd period - Shot by Simon Gagne.
12:34 of 3rd period - Shot Blocked by Michael Nylander.
12:36 of 3rd period - Shot by Peter Forsberg.
12:36 of 3rd period - Shot Blocked by Brad Lukowich.
13:46 of 3rd period - Travis Zajac is hit by Samuel Pahlsson and loses puck.
14:11 of 3rd period - Shot by Brian Gionta.
14:11 of 3rd period - Stopped by Chris Osgood with a rebound.
14:14 of 3rd period - Icing by Jiri Hudler.
14:15 of 3rd period - Michael Nylander wins face-off versus Peter Forsberg in Flyers zone.
14:51 of 3rd period - Juraj Kolnik is hit by Sami Kapanen.
14:56 of 3rd period - Icing by Denis Gauthier.
14:57 of 3rd period - Travis Zajac wins face-off versus Michal Handzus in Flyers zone.
15:16 of 3rd period - Icing by Denis Gauthier.
15:17 of 3rd period - Scott Gomez wins face-off versus Michal Handzus in Flyers zone.
15:20 of 3rd period - Shot by Patrik Elias.
15:20 of 3rd period - Goal by Patrik Elias - Devils : 2 - Flyers : 1.
15:21 of 3rd period - Todd White wins face-off versus Mike Comrie in neutral zone.
15:21 of 3rd period - Todd White is hit by Jamie Langenbrunner.
15:39 of 3rd period - Shot by Tomas Holmstrom.
15:39 of 3rd period - Shot Blocked by Colin White.
15:41 of 3rd period - Shot by Todd White.
15:41 of 3rd period - Shot Blocked by Paul Martin.
16:44 of 3rd period - Icing by Michal Handzus.
16:45 of 3rd period - Scott Gomez wins face-off versus Michal Handzus in Flyers zone.
16:46 of 3rd period - Shot by Miroslav Satan.
16:46 of 3rd period - Shot Blocked by Branislav Mezei.
16:56 of 3rd period - Shot by Patrik Elias.
16:56 of 3rd period - Stopped by Chris Osgood with a rebound.
16:59 of 3rd period - Icing by Owen Nolan.
17:00 of 3rd period - Travis Zajac wins face-off versus Michal Handzus in Flyers zone.
17:52 of 3rd period - Shot by Simon Gagne.
17:52 of 3rd period - Shot Misses the Net.
18:38 of 3rd period - Shot by Jamie Langenbrunner.
18:38 of 3rd period - Shot Blocked by Darryl Sydor.
19:05 of 3rd period - Icing by Mike Ribeiro.
19:06 of 3rd period - Mike Comrie wins face-off versus Michal Handzus in Devils zone.
19:23 of 3rd period - Shot by Patrik Elias.
19:23 of 3rd period - Stopped by Chris Osgood with a rebound.
19:27 of 3rd period - Shot by Patrik Elias.
19:27 of 3rd period - Shot Misses the Net.
19:29 of 3rd period - Shot by Brian Rafalski.
19:29 of 3rd period - Stopped by Chris Osgood without a rebound.
19:30 of 3rd period - Peter Forsberg wins face-off versus Brian Gionta in Flyers zone.
19:35 of 3rd period - Flyers, Chris Osgood is pulled from the net.
19:35 of 3rd period - Shot by Simon Gagne.
19:35 of 3rd period - Shot Blocked by Brian Rafalski.
19:37 of 3rd period - Shot by Mike Knuble.
19:37 of 3rd period - Shot Blocked by Brendan Witt.
19:41 of 3rd period - Shot by Simon Gagne.
19:41 of 3rd period - Stopped by Martin Brodeur with a rebound.
19:45 of 3rd period - Shot by Pavel Kubina.
19:45 of 3rd period - Stopped by Martin Brodeur without a rebound.
19:46 of 3rd period - Peter Forsberg wins face-off versus Scott Gomez in Devils zone.
19:47 of 3rd period - Shot by Simon Gagne.
19:47 of 3rd period - Goal by Simon Gagne - Devils : 2 - Flyers : 2.
19:47 of 3rd period - Chris Osgood from Flyers was sent back in the game.
19:48 of 3rd period - Scott Gomez wins face-off versus Michal Handzus in neutral zone.
19:53 of 3rd period - Shot by Patrik Elias.
19:53 of 3rd period - Stopped by Chris Osgood without a rebound.
19:54 of 3rd period - Peter Forsberg wins face-off versus Michael Nylander in Flyers zone.

Overtime #1

0:01 of 1st overtime period - Peter Forsberg wins face-off versus Michael Nylander in neutral zone.
0:28 of 1st overtime period - Shot by Patrik Elias.
0:28 of 1st overtime period - Deflect By Michael Nylander.
0:28 of 1st overtime period - Shot Misses the Net.
1:35 of 1st overtime period - Shot by Miroslav Satan.
1:35 of 1st overtime period - Stopped by Chris Osgood without a rebound.
1:36 of 1st overtime period - Todd White wins face-off versus Zach Parise in Flyers zone.
1:57 of 1st overtime period - Shot by Denis Gauthier.
1:57 of 1st overtime period - Shot Misses the Net.
2:25 of 1st overtime period - Shot by Simon Gagne.
2:25 of 1st overtime period - Stopped by Martin Brodeur without a rebound.
2:26 of 1st overtime period - Zach Parise wins face-off versus Peter Forsberg in Devils zone.
2:56 of 1st overtime period - Miroslav Satan is hit by Pavel Kubina and loses puck.
3:46 of 1st overtime period - Shot by Travis Zajac.
3:46 of 1st overtime period - Shot Blocked by Darryl Sydor.
3:49 of 1st overtime period - Icing by Todd White.
3:50 of 1st overtime period - Travis Zajac wins face-off versus Mike Knuble in Flyers zone.
4:29 of 1st overtime period - Shot by Jiri Hudler.
4:29 of 1st overtime period - Shot Misses the Net.
4:31 of 1st overtime period - Shot by Simon Gagne.
4:31 of 1st overtime period - Shot Misses the Net.
4:35 of 1st overtime period - Shot by Tomas Holmstrom.
4:35 of 1st overtime period - Shot Misses the Net.
4:41 of 1st overtime period - Shot by Simon Gagne.
4:41 of 1st overtime period - Stopped by Martin Brodeur without a rebound.
4:42 of 1st overtime period - Peter Forsberg wins face-off versus Michael Nylander in Devils zone.
4:53 of 1st overtime period - Shot by Jeff Friesen.
4:53 of 1st overtime period - Shot Misses the Net.
4:55 of 1st overtime period - Shot by Wade Redden.
4:55 of 1st overtime period - Stopped by Martin Brodeur without a rebound.
4:56 of 1st overtime period - Zach Parise wins face-off versus Mike Knuble in Devils zone.

ShootOut

ShootOut - Penalty Shot by Michael Nylander for Devils.
ShootOut - Stopped by Chris Osgood.
ShootOut - Penalty Shot by Simon Gagne for Flyers.
ShootOut - Goal by Simon Gagne.
ShootOut - Penalty Shot by Travis Zajac for Devils.
ShootOut - Goal by Travis Zajac.
ShootOut - Penalty Shot by Peter Forsberg for Flyers.
ShootOut - Stopped by Martin Brodeur.
ShootOut - Penalty Shot by Juraj Kolnik for Devils.
ShootOut - Stopped by Chris Osgood.
ShootOut - Penalty Shot by Tomas Holmstrom for Flyers.
ShootOut - Stopped by Martin Brodeur.
ShootOut - Penalty Shot by Brian Gionta for Devils.
ShootOut - Stopped by Chris Osgood.
ShootOut - Penalty Shot by Mike Knuble for Flyers.
ShootOut - Goal by Mike Knuble.


Output by the SimonT Hockey Simulator (STHS) for Stephane Roy -- Original Page W3C XHTML 1.0 Valid